 Dungeon Crawl Stone Soup version 0.27-a0-1555-g0e7b3fb1d2 (webtiles) character file.

Game seed: 12192770913648545516

434 PentaManta the Covert (level 7, -3/46 HPs)
             Began as an Octopode Abyssal Knight on July 15, 2021.
             Was a Believer of Lugonu.
             Slain by a gnoll sergeant (10 damage)
             ... on level 4 of the Dungeon.
             The game lasted 00:08:17 (5623 turns).

PentaManta the Covert (Octopode Abyssal Knight)     Turns: 5623, Time: 00:08:18

Health: -3/46      AC:  1    Str: 11    XL:     7   Next: 0%
Magic:  8/8        EV: 13    Int: 14    God:    Lugonu [**....]
Gold:   206        SH:  0    Dex: 14    Spells: 6/6 levels left

rFire    . . .     SeeInvis .   f - +1 whip (venom)
rCold    . . .     Faith    .   (no shield)
rNeg     . . .     Spirit   .   (helmet restricted)
rPois    .         Reflect  .   o - amulet of magic regeneration
rElec    .         Harm     .   b - ring of flight
rCorr    .         Rampage  .   (no ring)
Will     .....                  (no ring)
Stlth    +++++.....             (no ring)
HPRegen  0.15/turn              (no ring)
MPRegen  0.36/turn              (no ring)
                                (no ring)
                                (no ring)

@: flying
A: almost no armour, amphibious, 8 rings, camouflage 1, gelatinous body 1,
(nimble swimmer 1), tentacles
a: Renounce Religion, Depart the Abyss, Bend Space


You were on level 4 of the Dungeon.
You worshipped Lugonu.
Lugonu was pleased with you.
You visited 1 branch of the dungeon, and saw 5 of its levels.
You visited the Abyss 1 time.

You collected 206 gold pieces.

Inventory:

Hand Weapons
 f - a +1 whip of venom (weapon)
 k - a +2 vampiric dagger
 n - a +3 rapier of holy wrath
 q - a +0 hunting sling
 w - a +1 dagger of speed
 x - a +3 dagger
Missiles
 e - 110 stones
 j - 15 poisoned darts
 l - 3 curare-tipped darts
 m - 27 sling bullets
Jewellery
 b - a ring of flight (left tentacle)
 o - an amulet of magic regeneration (around mantle)
Wands
 t - a wand of flame (11)
Scrolls
 a - a scroll of enchant weapon {unknown}
 c - 3 scrolls of identify {unknown}
 d - 6 scrolls of teleportation {unknown}
 h - 2 scrolls of blinking {unknown}
 p - a scroll of enchant armour {unknown}
 r - a scroll of fog {unknown}
 v - a scroll of vulnerability {unknown}
Potions
 g - a potion of resistance {unknown}
 i - 2 potions of heal wounds
 s - 2 potions of attraction {unknown}
 u - a potion of lignification {unknown}


   Skills:
 - Level 3.0 Fighting
 * Level 0.1 Short Blades
 * Level 2.7 Slings
 - Level 2.3 Dodging
 + Level 8.8 Stealth
 - Level 2.0 Unarmed Combat
 - Level 2.0 Invocations


You had 6 spell levels left.
You didn't know any spells.
Your spell library was empty.

Dungeon Overview and Level Annotations

Branches:
Dungeon (5/15)             Temple (0/1) D:4

Altars:
Ashenzari
Gozag
Sif Muna

Annotations:
D:3 exclusion: door


Innate Abilities, Weirdness & Mutations

You cannot wear most types of armour.
You are amphibious.
You can wear up to eight rings at the same time.
Your skin changes colour to match your surroundings (Stealth+).
Your rubbery body absorbs attacks. (AC +1, EV +1)
((You are camouflaged near water. (Stealth+)))
You have tentacles for arms and can constrict up to eight enemies at once.


Message History

The gnoll sergeant completely misses you.
Press: ? - help, v - describe, . - travel, g - get item
Here: a gnoll sergeant, wielding a +4 spear, wearing a +0 ring mail and wearing a +1 buckler of protection (heavily wounded)
Items here: a +0 halberd; a gnoll corpse.
The floor.
There is a stone staircase leading up here.
The gnoll sergeant barely misses you.
You fly upwards.
Level annotation: exclusion: door
There is a stone staircase leading down here.
You start resting.
HP restored.
Your +1 whip of venom begins to drip with poison!
f - a +1 whip of venom (weapon)
You fly downwards.
There is a stone staircase leading up here.
The gnoll sergeant hits you with a +4 spear!
You hit the gnoll sergeant.
The gnoll sergeant is poisoned.
You grab the gnoll sergeant.
The gnoll sergeant is lightly wounded.
You constrict the gnoll sergeant. The gnoll sergeant barely misses you.
You hit the gnoll sergeant but do no damage.
The gnoll sergeant looks even sicker.
The gnoll sergeant is lightly wounded.
You constrict the gnoll sergeant, but do no damage.
The gnoll sergeant barely misses you.
You completely miss the gnoll sergeant.
The gnoll sergeant is moderately wounded.
You constrict the gnoll sergeant, but do no damage.
The gnoll sergeant hits you with a +4 spear.
You barely miss the gnoll sergeant.
The gnoll sergeant is moderately wounded.
You constrict the gnoll sergeant, but do no damage.
The gnoll sergeant hits you with a +4 spear! x2
* * * LOW HITPOINT WARNING * * *
You hit the gnoll sergeant. The gnoll sergeant blocks your attack.
The gnoll sergeant is severely wounded.
You constrict the gnoll sergeant, but do no damage.
The gnoll sergeant hits you with a +4 spear!
You die...

..###.....###..#.######.#
#######'####...#.#≈≈≈§#.#
...............#.'≈8.≈#.#
####.##.#.#......'≈>_≈#.#
# #........####.#≈≈≈≈#.##
########.####.######..#
#..............#
#..######..##..#
#..#.g@<#..##.##
#..#.####..##.#
#.(#..g....##.#
#..#.####.###.#
#..######.# #.# ##
#...))....# #.# .#
#.........# #.# .#
########.## #.# .# #.#
#.#


You could see a gnoll sergeant (very poisoned).

Vanquished Creatures
  A bullfrog (D:3)
  2 howler monkeys (D:4)
  A hound (D:4)
  A bullfrog skeleton (D:4)
  An iguana (D:2)
  A hound skeleton (D:4)
  5 adders
  5 gnolls
  An adder skeleton (D:4)
  2 worms
  2 dart slugs (D:4)
  5 orcs
  7 endoplasms
  6 giant cockroaches
  11 goblins
  10 hobgoblins
  6 jackals
  12 kobolds
  4 quokkas
  3 bats
  3 frilled lizards
  7 rats
96 creatures vanquished.

Notes
Turn   | Place    | Note
-------+----------+-------------------------------------------
     0 | Abyss:1  | PentaManta the Octopode Abyssal Knight began the quest for
                  | the Orb.
     0 | Abyss:1  | Reached XP level 1. HP: 16/16 MP: 2/2
    57 | Abyss:1  | Noticed a quasit
    88 | Abyss:2  | Found a snail-covered altar of Cheibriados.
   121 | Abyss:3  | Noticed a revenant
   122 | D:1      | Escaped the Abyss
   363 | D:1      | Reached skill level 1 in Stealth
   424 | D:1      | Reached skill level 2 in Stealth
   674 | D:1      | Reached XP level 2. HP: 19/21 MP: 3/3
   760 | D:1      | Reached * piety under Lugonu
   870 | D:1      | Reached skill level 3 in Stealth
  1295 | D:1      | Reached XP level 3. HP: 21/26 MP: 4/4
  1393 | D:1      | Reached skill level 4 in Stealth
  2052 | D:2      | Reached skill level 5 in Stealth
  2052 | D:2      | Reached XP level 4. HP: 12/31 MP: 5/5
  2645 | D:2      | Found a shimmering blue altar of Sif Muna.
  2927 | D:1      | Reached skill level 6 in Stealth
  3325 | D:1      | Reached XP level 5. HP: 29/36 MP: 6/6
  3714 | D:3      | Reached ** piety under Lugonu
  3715 | D:3      | Reached skill level 7 in Stealth
  4042 | D:3      | Found a faded altar of an unknown god.
  4101 | D:3      | Reached skill level 8 in Stealth
  4101 | D:3      | Reached XP level 6. HP: 36/42 MP: 7/7
  4260 | D:4      | Reached skill level 1 in Slings
  4329 | D:4      | Found a broken altar of Ashenzari.
  4419 | D:4      | Found an opulent altar of Gozag.
  4693 | D:4      | Found a staircase to the Ecumenical Temple.
  4916 | D:4      | HP: 2/42 [hound (3)]
  5196 | D:5      | Entered Level 5 of the Dungeon
  5211 | D:4      | Reached XP level 7. HP: 46/46 MP: 8/8
  5325 | D:4      | HP: 2/46 [gnoll sergeant (11)]
  5623 | D:4      | Slain by a gnoll sergeant

Illustrated notes

Levels and vault maps discovered:
D:1:      lordsloth_arrival_two_stooges, layout_loops_corners, grunt_decor_cap,
          minmay_pentomino_u4
D:2:      layout_rooms, basic_altar
D:3:      layout_basic, okawaru_altar_gauntlet_db,
          ebering_ecumenical_altar_hall, palyth_stone_intersect,
          minmay_goblin_outpost
D:4:      layout_basic, nicolae_gozag_seed_capital, general_overflow_altar,
          minmay_temple_entry_antechambers, minmay_quadrilaterals
D:5:      layout_cave_pools, minitemple, mainiacjoe_overflow_brackets,
          uniq_blork_the_orc

Skill      XL: |  1  2  3  4  5  6 |
---------------+-------------------+-----
Stealth        | 2 3 5 6 8 |  8.8
Slings         | 2 |  2.7
Fighting       | |  3.0
Short Blades   | |  0.1
Dodging        | |  2.3
Unarmed Combat | |  2.0
Invocations    | |  2.0

Action                   |  1- 3 |  4- 6 |  7- 9 || total
-------------------------+-------+-------+-------++-------
Melee: Unarmed           |    16 |       |       ||    16
       Constrict         |    16 |    41 |     2 ||    59
       Dagger            |    62 |   159 |     7 ||   228
       Tentacles         |     7 |    25 |     3 ||    35
       Punch             |     1 |     5 |       ||     6
       Whip              |       |       |     5 ||     5
Invok: Depart the Abyss  |     1 |       |       ||     1
  Use: Potion            |       |     1 |       ||     1
 Stab: Sleeping          |    10 |    11 |       ||    21
       Distracted        |       |     1 |       ||     1
Armor: Skin              |     5 |     8 |       ||    13
Dodge: Dodged            |    40 |   105 |     6 ||   151

Table legend: (Time is in decaauts)
 A = Elapsed time spent in this place.
 B = Non-inter-level travel time spent in this place.
 C = Inter-level travel time spent in this place.
 D = Time resting spent in this place.
 E = Time spent auto-exploring this place.
 F = Levels seen in this place.
 G = Mean time per level.
                   A        B        C        D        E       F      G
               +--------+--------+--------+--------+--------+-----+--------+
         Total |   5622 |   5487 |    135 |   1441 |   3111 |   8 |  702.8 |
       Dungeon |   5501 |   5366 |    135 |   1441 |   3054 |   5 | 1100.2 |
         Abyss |    121 |    121 |      0 |      0 |     57 |   3 |   40.3 |
               +--------+--------+--------+--------+--------+-----+--------+

Top non-repeatable levels by time:
     D:1: 2601 daAuts
     D:4: 1142 daAuts
     D:2: 882 daAuts
     D:3: 859 daAuts
 Abyss:1: 67 daAuts
 Abyss:2: 46 daAuts
     D:5: 15 daAuts
 Abyss:3: 7 daAuts
